 Dungeon Crawl Stone Soup version 0.19.4-8-ga85b6b9 (console) character file.

7336 Grinner the Grappler (level 10, -2/88 HPs)
             Began as a Troll Transmuter on Feb 10, 2017.
             Was a High Priest of Okawaru.
             Slain by a wolf (5 damage)
             ... on level 1 of the Lair of Beasts.
             The game lasted 00:31:52 (8355 turns).

Grinner the Grappler (Troll Transmuter)             Turns: 8355, Time: 00:31:53

Health: -2/88      AC:  9    Str: 17 (20) XL:     10   Next: 90%
Magic:  16/16      EV: 10    Int:  8 (12) God:    Okawaru [*****.]
Gold:   558        SH:  3    Dex: 11      Spells: 4 memorised, 5 levels left

rFire  + . .     SeeInvis .       - Unarmed
rCold  + . .     Gourm    +     b - +0 robe
rNeg   . . .     Faith    .     (no shield)
rPois  +         Spirit   .     (helmet restricted)
rElec  .         Reflect  +     f - +2 cloak
rCorr  .         Harm     .     (gloves unavailable)
MR     .....     Rnd*Rage +     (boots unavailable)
Stlth  +.........               v - +3 amulet of reflection
                                I - +3 ring of dexterity
                                C - ring of protection from cold

@: about to teleport, very slightly contaminated, hasted, very quick
A: unfitting armour, claws 3, iridescent scales 1, berserk 1, clumsy 1, deformed
body, deterioration 1, fire resistance 1, fast metabolism 3, gourmand, poison
resistance, regeneration 1, shaggy fur 1, tough skin 2
a: Heroism, Finesse, Renounce Religion


You were on level 1 of the Lair of Beasts.
You worshipped Okawaru.
Okawaru was extremely pleased with you.
You were full.

You visited 3 branches of the dungeon, and saw 11 of its levels.

You collected 558 gold pieces.

Inventory:

Missiles
 a - 146 arrows
Armour
 b - a +0 robe (worn)
 f - a +2 cloak (worn)
Jewellery
 l - an uncursed ring of protection from cold
 v - a +3 amulet of reflection (around neck)
 C - a ring of protection from cold (left claw)
 F - an uncursed ring of ice
 I - a +3 ring of dexterity (right claw)
Wands
 h - a wand of flame (19/48)
 n - a wand of iceblast (7/15)
 u - a wand of random effects (29/48)
 A - a wand of teleportation (2/9)
 E - a wand of polymorph (10/24)
 G - a wand of random effects (30/48)
 H - a wand of paralysis (10/24)
 K - a wand of slowing (24/48)
 M - a wand of confusion (14/48)
Scrolls
 e - 3 scrolls of teleportation
 i - a scroll of silence {unknown}
 k - a scroll of enchant armour
 m - 3 scrolls of enchant weapon
 q - 5 scrolls of remove curse
 t - a scroll of fog
 w - 2 scrolls of recharging
 y - a scroll of magic mapping
 z - 2 scrolls of amnesia
 D - a scroll of identify
 Q - a scroll of immolation {unknown}
Potions
 B - a potion of magic
 J - a potion of cancellation
 L - a potion of beneficial mutation {unknown}
 N - a potion of curing
 O - a potion of agility {unknown}
 P - a potion of mutation {unknown}
Books
 c - a book of Changes

   Spells                             Type                      Level
   a - Beastly Appendage              Transmutation                1
   b - Sticks to Snakes               Transmutation                2
   c - Spider Form                    Transmutation/Poison         3
   d - Ice Form                       Ice/Transmutation            4
   e - Blade Hands                    Transmutation                5
 p - a book of Death

   Spells                             Type                      Level
   a - Corpse Rot                     Necromancy                   2
   b - Sublimation of Blood           Necromancy                   2
   c - Agony                          Necromancy                   5
   d - Dispel Undead                  Necromancy                   5
   e - Excruciating Wounds            Charms/Necromancy            5
   f - Bolt of Draining               Conjuration/Necromancy       5
 r - a book of Debilitation

   Spells                             Type                      Level
   a - Corona                         Hexes                        1
   b - Slow                           Hexes                        2
   c - Gell's Gravitas                Hexes/Translocation          3
   d - Inner Flame                    Hexes/Fire                   3
   e - Cause Fear                     Hexes                        4
   f - Leda's Liquefaction            Hexes/Earth                  4
Comestibles
 d - 10 bread rations
 g - 4 meat rations
 j - 2 slices of pizza
 o - 5 beef jerkies
 s - 9 fruits


   Skills:
 * Level 2.5 Fighting
 * Level 3.0 Dodging
 + Level 11.9 Unarmed Combat
 - Level 4.9 Spellcasting
 + Level 6.5 Transmutations


You had 5 spell levels left.
You knew the following spells:

 Your Spells              Type           Power        Failure   Level  Hunger
a - Ice Form              Ice/Tmut       #.......     71%         4    #####..
s - Spider Form           Tmut/Pois      #.........   21%         3    ###....
x - Blade Hands           Tmut           ##........   58%         5    ######.
z - Beastly Appendage     Tmut           ##....       1%          1    #......


Dungeon Overview and Level Annotations

Branches:
Dungeon (9/15)             Temple (1/1) D:5            Lair (1/6) D:8
    Orc (0/2) D:9

Altars:
Ashenzari
Cheibriados
Dithmenos
Elyvilon
Fedhas
Gozag
Hepliaklqana
Kikubaaqudgha
Makhleb
Nemelex Xobeh
Okawaru
Qazlal
Ru
Sif Muna
Trog
Uskayaw
Vehumet
Xom
Yredelemnul
Zin
The Shining One

Shops:
D:9 (


Innate Abilities, Weirdness & Mutations

You are too large for most types of armour.
You have claws for hands.
Your metabolism is lightning-fast.
You like to eat raw meat.
Your natural rate of healing is unusually fast.
You are covered in fur. (AC +1)
You have very tough skin. (AC +2)
You are partially covered in iridescent scales. (AC +2)
You tend to lose your temper in combat.
You are clumsy. (Dex -2)
Armour fits poorly on your strangely shaped body.
Your body sometimes deteriorates upon taking damage.
Your flesh is heat resistant. (rF+)
Your system is resistant to poisons. (rPois)


Message History

The wolf is moderately wounded.
The wolf misses you.
You scratch the wolf but do no damage.
The wolf is moderately wounded.
You block the wolf's attack. The wolf closely misses you.
You miss the wolf.
The wolf is moderately wounded.
The wolf bites you.
* * * LOW HITPOINT WARNING * * *
You claw the wolf!
The wolf is severely wounded.
The wolf bites you but does no damage. The wolf bites you!
* * * LOW HITPOINT WARNING * * *
As you read the scroll of teleportation, it crumbles to dust.
You feel strangely unstable. The wolf bites you.
* * * LOW HITPOINT WARNING * * *
The wolf barely misses you. The wolf bites you but does no damage.
The wolf closely misses you. The wolf barely misses you.
The wolf closely misses you. The wolf bites you.
You die...

.......#....####
#.. ..
.......#....# #..
..#+###..#.....###
##.
...................
...
...................
...
...................
...
...................
...................
........@.....#####
.......hhh....# ..
..##...#.#....#...
.........#...P....
..P.....†#....P...
..#...............
.........#.†......
.P...........#...
........#....# #


You could see 3 wolves.

Vanquished Creatures
  A komodo dragon (Lair:1)
  A two-headed ogre (D:9)
  A hippogriff (Lair:1)
  Sigmund (D:2)
  A wyvern (D:9)
  A spriggan (D:9)
  A basilisk (D:8)
  7 swamp worms (D:9)
  5 porcupines
  2 sky beasts
  4 ice beasts
  3 orc warriors
  2 phantoms
  3 wolves (Lair:1)
  4 ogres
  A centaur (D:9)
  5 crocodiles (D:8)
  A big kobold (D:9)
  3 bullfrogs
  A gnoll sergeant (D:6)
  A wyvern skeleton (D:9)
  2 scorpions
  3 wights (D:8)
  2 howler monkeys
  7 crimson imps
  3 jellies
  7 hounds
  7 orc wizards
  A bullfrog skeleton (D:7)
  7 orc priests
  A centaur skeleton (D:8)
  13 iguanas
  Ijyb (D:2)
  7 worker ants
  A hound zombie (D:5)
  A hound skeleton (D:8)
  Robin (D:2)
  9 adders
  15 gnolls
  A shadow imp (D:5)
  3 oozes
  An adder skeleton (D:9)
  14 worms
  7 leopard geckos
  51 orcs
  A ball python (D:3)
  6 bats
  3 giant cockroaches
  14 goblins
  8 hobgoblins
  A jackal (D:3)
  8 kobolds
  7 quokkas
  5 frilled lizards
  A jackal skeleton (D:8)
  A leopard gecko skeleton (D:8)
  A leopard gecko zombie (D:5)
  6 rats
276 creatures vanquished.

Vanquished Creatures (collateral kills)
  An orc warrior (D:9)
1 creature vanquished.

Vanquished Creatures (others)
  4 plants
4 creatures vanquished.

Grand Total: 281 creatures vanquished

Notes
Turn   | Place    | Note
-------+----------+-------------------------------------------
     0 | D:1      | Grinner the Troll Transmuter began the quest for the Orb.
     0 | D:1      | Reached XP level 1. HP: 18/18 MP: 1/1
   164 | D:1      | Reached XP level 2. HP: 21/26 MP: 3/3
   595 | D:1      | Found a shimmering altar of Xom.
   597 | D:1      | Found a sacrificial altar of Ru.
   597 | D:1      | Found a radiant altar of Vehumet.
   599 | D:1      | Found an ancient bone altar of Kikubaaqudgha.
   599 | D:1      | Found an opulent altar of Gozag.
   599 | D:1      | Found a hide-covered altar of Uskayaw.
   766 | D:2      | Noticed Robin
   776 | D:2      | Reached XP level 3. HP: 14/32 MP: 4/4
   785 | D:2      | HP: 1/32 [goblin/club[Robin] (1)]
   801 | D:2      | Killed Robin
   850 | D:2      | Noticed Ijyb
   854 | D:2      | Killed Ijyb
   854 | D:2      | Reached XP level 4. HP: 40/40 MP: 5/5
   899 | D:2      | Reached skill level 4 in Unarmed Combat
  1017 | D:2      | Noticed Sigmund
  1033 | D:2      | Killed Sigmund
  1033 | D:2      | Reached skill level 5 in Unarmed Combat
  1033 | D:2      | Reached XP level 5. HP: 46/46 MP: 5/7
  1149 | D:2      | Reached XP level 6. HP: 54/54 MP: 8/8
  1388 | D:3      | HP: 2/54 [orc priest/war axe (9)]
  1494 | D:3      | Learned a level 5 spell: Blade Hands
  2981 | D:4      | Reached skill level 6 in Unarmed Combat
  2981 | D:4      | Reached XP level 7. HP: 58/61 MP: 9/9
  3073 | D:5      | Entered Level 5 of the Dungeon
  3212 | D:5      | Found a shadowy altar of Dithmenos.
  3307 | D:5      | Found a radiant altar of Vehumet.
  3318 | D:5      | Found a shadowy altar of Dithmenos.
  3570 | D:5      | Reached skill level 7 in Unarmed Combat
  3580 | D:5      | Gained mutation: You are clumsy. (Dex -2) [mutagenic meat]
  3581 | D:5      | Gained mutation: You tend to lose your temper in combat. [mutagenic meat]
  3583 | D:5      | Gained mutation: Your body sometimes deteriorates upon taking damage. [mutagenic meat]
  3584 | D:5      | Gained mutation: Armour fits poorly on your strangely shaped body. [mutagenic meat]
  3746 | D:5      | Found a staircase to the Ecumenical Temple.
  3754 | Temple   | Entered the Ecumenical Temple
  3846 | Temple   | Became a worshipper of Warmaster Okawaru
  4018 | D:5      | Reached XP level 8. HP: 57/68 MP: 11/11
  4494 | D:6      | Reached * piety under Okawaru
  4494 | D:6      | Reached skill level 8 in Unarmed Combat
  4527 | D:6      | Found a stormy altar of Qazlal.
  4874 | D:7      | Reached XP level 9. HP: 59/75 MP: 13/13
  5003 | D:7      | Reached ** piety under Okawaru
  5003 | D:7      | Reached skill level 9 in Unarmed Combat
  5095 | D:7      | Found a shattered altar of Ashenzari.
  5367 | D:8      | Reached skill level 5 in Transmutations
  5656 | D:8      | Reached skill level 10 in Unarmed Combat
  5673 | D:8      | Reached *** piety under Okawaru
  5755 | D:8      | Found a staircase to the Lair.
  6097 | D:8      | Reached XP level 10. HP: 83/83 MP: 15/15
  6319 | D:9      | Learned a level 4 spell: Ice Form
  6323 | D:9      | Learned a level 3 spell: Spider Form
  6620 | D:9      | Reached skill level 11 in Unarmed Combat
  6637 | D:9      | Reached **** piety under Okawaru
  6801 | D:9      | Found a staircase to the Orcish Mines.
  6807 | D:9      | Found Enluel's Weapon Boutique.
  6968 | D:9      | Reached skill level 1 in Fighting
  7055 | D:9      | Gained mutation: Your flesh is heat resistant. (rF+) [mutagenic meat]
  7056 | D:9      | Gained mutation: Your system is resistant to poisons. (rPois) [mutagenic meat]
  7057 | D:9      | Gained mutation: You are partially covered in iridescent scales. (AC +2) [mutagenic meat]
  7155 | D:9      | Found a radiant altar of Vehumet.
  7305 | D:9      | HP: 1/84 [swamp worm (13)]
  8026 | Lair:1   | Entered Level 1 of the Lair of Beasts
  8338 | Lair:1   | Reached ***** piety under Okawaru
  8354 | Lair:1   | HP: 3/88 [wolf (4)]
  8355 | Lair:1   | Slain by a wolf

Skill      XL: |  1  2  3  4  5  6  7  8  9 10 |
---------------+-------------------------------+-----
Transmutations | 2 3 4 5 6 |  6.5
Unarmed Combat | 5 6 7 8 10 11 | 11.9
Spellcasting   | 2 3 4 |  4.9
Fighting       | 2 |  2.5
Dodging        | 3 |  3.0

Action                   |  1- 3 |  4- 6 |  7- 9 | 10-12 || total
-------------------------+-------+-------+-------+-------++-------
Melee: Unarmed           |    89 |   192 |   404 |   244 ||   929
       Punch             |     2 |     5 |    13 |    17 ||    37
       Kick              |       |       |     4 |     7 ||    11
       Headbutt          |       |       |     2 |       ||     2
 Cast: Beastly Appendage |       |       |     5 |     3 ||     8
Evoke: Wand              |       |       |       |     8 ||     8
  Use: Potion            |     1 |     1 |     4 |     7 ||    13
       Scroll            |       |       |     8 |    13 ||    21
 Stab: Sleeping          |       |       |     2 |       ||     2
  Eat: Chunk             |    13 |    18 |    37 |    21 ||    89
Armor: Robe              |    50 |    62 |    82 |    53 ||   247
       Skin              |       |     5 |    27 |       ||    32
Dodge: Dodged            |    55 |    93 |   111 |    90 ||   349
Block: Other             |       |     4 |    32 |    31 ||    67
       Reflection        |       |     1 |       |     1 ||     2
